Map: Ephemeron LE

Players

Pouyaam - Winner!

  • Race: Terran Terran
  • League: Diamond
  • Spawn Location: 11:00

Mez

  • Race: Zerg Zerg
  • League: Master
  • Spawn Location: 5:00

VOD

Have the link to the VOD?

Description

Time

  • Played on: Sept. 3, 2019, 8:42 a.m.
  • Length: 17:46
Show
View Real Time Build Order
Export as new Build Order

Pouyaam Terran - Winner!

Build Orders: Gas First Reaper Expand, Mech 

Get SALT Encoding   

  12  0:01  SCV  
  13  0:13  SCV  
  14  0:19  Supply Depot  
  14  0:25  SCV  
  15  0:32  Refinery  
  15  0:40  SCV  
  16  0:48  Barracks  
  16  0:53  SCV  
  17  1:06  SCV  
  18  1:18  SCV  
  19  1:35  Orbital Command  
  19  1:36  Reaper  
  20  1:49  Command Center  
  20  1:58  Supply Depot  
  20  2:01  SCV  
  21  2:07  Refinery  
  21  2:10  Marine  
  22  2:19  Factory  
  22  2:23  SCV  
  22  2:28  Barracks Reactor  
  23  2:40  SCV  
  24  2:54  SCV  
  24  3:06  SCV  
  24  3:11  Starport  
  27  3:13  Hellion x2  
  27  3:14  Orbital Command  
  27  3:16  Barracks Tech Lab  
  27  3:18  SCV  
  29  3:31  SCV  
  32  3:34  Hellion x2  
  32  3:41  SCV  
  35  3:51  SCV  
  35  3:53  SCV  
  35  3:55  Marine, Fusion Core  
  37  3:57  Viking  
  40  4:03  Hellion  
  40  4:06  Hellion  
  40  4:08  SCV  
  45  4:12  SCV  
  46  4:18  Supply Depot  
  46  4:21  Supply Depot  
  46  4:39  Marine  
  46  4:40  Command Center  
  47  4:45  Refinery  
  47  4:48  SCV x2  
  49  4:59  Battlecruiser  
  55  5:00  SCV, Weapon Refit  
  55  5:06  Refinery  
  56  5:18  SCV x2  
  58  5:24  Hellion x2  
  62  5:37  Supply Depot  
  62  5:44  SCV x2  
  54  5:58  Hellion  
  54  5:59  SCV x2, Hellion  
  54  6:02  Orbital Command  
  54  6:03  Battlecruiser  
  66  6:16  Factory x2  
  66  6:19  SCV x2  
  66  6:21  Hellion, Supply Depot  
  70  6:30  Barracks Reactor  
  70  6:37  Orbital Command  
  70  6:43  SCV x2  
  72  6:47  Supply Depot  
  72  6:48  Supply Depot  
  72  6:49  Engineering Bay  
  72  6:59  Hellion  
  72  7:00  Hellion  
  76  7:10  SCV x2  
  78  7:20  Factory Tech Lab x2  
  78  7:22  SCV x2  
  80  7:25  Armory  
  80  7:26  Factory, Armory  
  80  7:27  Factory  
  80  7:29  SCV  
  81  7:34  SCV x2  
  83  7:41  SCV  
  84  7:46  SCV x2  
  86  7:53  SCV  
  86  7:54  Supply Depot  
  86  7:55  Supply Depot  
  86  7:56  Command Center  
  87  7:58  SCV x2  
  87  7:59  Siege Tank x2  
  87  8:05  SCV  
  96  8:10  SCV x2  
  98  8:33  Thor  
  104  8:39  Terran Vehicle Weapons Level 1  
  104  8:40  Factory Tech Lab, SCV x2, Terran Vehicle And Ship Armor Level 1  
  104  8:46  Battlecruiser  
  108  8:50  Refinery x2  
  108  8:53  Missile Turret x2  
  108  8:54  Missile Turret  
  108  8:55  SCV, Missile Turret  
  108  8:57  Missile Turret  
  108  8:58  Missile Turret  
  109  9:06  Infernal Pre-Igniter  
  109  9:08  Smart Servos  
  109  9:10  Siege Tank, Hellion  
  109  9:11  Hellion  
  116  9:22  Thor  
  122  9:24  SCV  
  123  9:33  Neosteel Armor  
  123  9:48  Refinery  
  123  9:49  Missile Turret  
  123  9:50  Supply Depot  
  123  9:52  Refinery  
  123  9:54  Missile Turret  
  123  9:55  Supply Depot  
  123  9:56  SCV x2, Supply Depot  
  123  9:59  Supply Depot  
  125  10:03  Missile Turret  
  125  10:06  SCV  
  126  10:08  SCV  
  126  10:09  Hellion x3  
  133  10:14  SCV  
  133  10:15  Planetary Fortress  
  133  10:18  SCV  
  135  10:29  Battlecruiser  
  135  10:30  Armory  
  135  10:32  Siege Tank  
  144  10:36  Terran Vehicle Weapons Level 2  
  144  10:40  Terran Vehicle And Ship Armor Level 2  
  144  10:44  Hellion x2  
  144  10:49  Siege Tank x2  
  154  10:54  Supply Depot x2  
  154  11:08  Siege Tank  
  154  11:09  Hellion x3  
  163  11:16  Command Center  
  163  11:18  Hi-Sec Auto Tracking  
  163  11:21  Siege Tank x2  
  169  11:26  Terran Ship Weapons Level 1, Starport  
  169  11:28  Starport  
  169  11:32  Supply Depot  
  169  11:33  Supply Depot  
  169  11:45  Command Center  
  169  11:56  Siege Tank x2  
  169  11:57  Siege Tank, Hellion x4  
  178  12:20  SCV x2  
  178  12:22  Starport Tech Lab  
  178  12:24  Starport Tech Lab  
  170  12:44  Siege Tank x3  
  157  12:45  Hellion x2, Viking  
  157  12:50  Factory x2  
  144  12:57  Hellion x2  
  148  12:59  Terran Vehicle Weapons Level 3  
  136  13:15  Viking  
  136  13:16  Siege Tank x3  
  132  13:30  Terran Vehicle And Ship Armor Level 3, Terran Ship Weapons Level 2  
  130  13:41  Factory Tech Lab  
  130  13:44  Factory  
  130  13:48  Siege Tank, Thor x2, Planetary Fortress  
  144  13:50  Refinery, Missile Turret  
  144  13:51  Refinery, Missile Turret  
  144  13:53  Missile Turret  
  144  13:54  Factory Tech Lab  
  144  14:00  Sensor Tower  
  144  14:04  Sensor Tower  
  144  14:07  SCV x2  
  146  14:14  SCV  
  147  14:19  SCV  
  147  14:21  Thor x2  
  160  14:30  Factory Reactor  
  159  14:33  Thor  
  165  14:40  Refinery  
  165  14:45  Command Center  
  165  14:58  Command Center  
  164  15:05  Planetary Fortress  
  164  15:11  Battlecruiser x2  
  176  15:25  Siege Tank x2  
  175  15:54  Command Center  
  175  15:57  SCV x2  
  175  16:02  Refinery  
  175  16:03  Missile Turret x3  
  165  16:17  SCV x2  
  167  16:23  Siege Tank x2  
  167  16:24  Hellion  
  158  16:47  Missile Turret  
  158  16:50  Missile Turret  
  158  16:52  Missile Turret  
  161  17:03  SCV x2  
  161  17:04  Orbital Command  
  151  17:13  Siege Tank  
  151  17:14  Siege Tank  
  157  17:31  Missile Turret  
Show
View Real Time Build Order
Export as new Build Order

Mez Zerg 

Build Orders: Hatch First 

Get SALT Encoding   

  12  0:00  Drone  
  13  0:08  Drone  
  14  0:16  Overlord  
  14  0:35  Drone x3  
  17  0:51  Drone  
  17  0:56  Hatchery  
  17  1:01  Drone  
  18  1:06  Extractor  
  17  1:12  Drone  
  18  1:18  Spawning Pool  
  18  1:25  Drone  
  18  1:33  Overlord  
  18  1:44  Drone  
  19  2:07  Zergling x4, Queen  
  23  2:09  Queen  
  23  2:10  Drone  
  27  2:15  Drone  
  27  2:20  Overlord  
  27  2:35  Drone x3  
  30  2:43  Metabolic Boost  
  29  2:50  Drone x2  
  31  2:59  Drone x2  
  33  3:07  Queen  
  35  3:14  Drone x3  
  35  3:18  Hatchery  
  37  3:38  Drone x5  
  37  3:39  Drone  
  43  3:43  Pneumatized Carapace  
  43  3:56  Overlord x2  
  43  4:01  Lair  
  43  4:05  Extractor  
  43  4:09  Extractor  
  41  4:22  Zergling x8, Drone x2  
  41  4:23  Zergling x10  
  52  4:25  Queen  
  54  4:55  Drone x3  
  54  4:56  Drone  
  54  4:57  Overlord x3  
  58  5:04  Baneling Nest  
  57  5:19  Overlord x3  
  57  5:33  Drone x13  
  57  5:35  Extractor  
  56  5:57  Drone x7  
  63  6:14  Queen  
  63  6:15  Queen x2  
  63  6:17  Spore Crawler  
  65  6:18  Spore Crawler  
  65  6:21  Spore Crawler  
  59  6:29  Spire  
  59  6:30  Centrifical Hooks  
  57  6:33  Drone x4  
  61  6:40  Hatchery  
  61  6:43  Spore Crawler  
  61  6:44  Drone x16  
  75  6:50  Queen  
  77  6:58  Queen x2  
  76  7:02  Spore Crawler  
  71  7:26  Queen  
  71  7:28  Extractor  
  72  7:30  Spore Crawler  
  72  7:33  Spore Crawler  
  70  7:46  Corruptor x4  
  70  7:47  Corruptor x3  
  83  8:05  Overlord x4  
  83  8:06  Overlord  
  66  8:29  Drone x10  
  69  8:37  Spore Crawler, Drone  
  63  8:48  Zergling x10  
  63  9:09  Spore Crawler  
  62  9:23  Drone x4  
  62  9:24  Drone x5  
  71  9:27  Hatchery  
  70  9:34  Roach Warren  
  69  9:43  Evolution Chamber  
  69  9:44  Evolution Chamber  
  67  10:07  Drone  
  67  10:08  Drone x16  
  84  10:16  Extractor  
  84  10:18  Extractor, Glial Reconstitution  
  84  10:20  Zerg Ground Armor Level 1, Zerg Missile Weapons Level 1  
  82  10:51  Overlord x3  
  82  10:52  Drone x7  
  82  10:53  Drone x7  
  96  11:02  Spore Crawler  
  95  11:06  Roach x4  
  103  11:19  Corruptor  
  103  11:20  Corruptor x5  
  103  11:24  Roach x2  
  119  11:36  Extractor  
  119  11:37  Extractor  
  119  11:38  Roach x9  
  133  11:53  Roach x4  
  133  11:54  Roach x5  
  147  12:15  Roach x8  
  159  12:16  Overlord x4  
  159  12:17  Overlord  
  157  12:37  Roach  
  157  12:38  Roach x9  
  145  12:52  Hatchery  
  144  13:03  Hatchery  
  129  13:23  Roach x6  
  141  13:47  Hatchery  
  140  13:48  Infestation Pit  
  139  13:56  Queen x2  
  143  14:08  Zerg Flyer Armor Level 1  
  143  14:24  Queen x2  
  143  14:30  Drone x3  
  150  14:32  Queen, Drone x13  
  165  14:58  Zerg Missile Weapons Level 2, Zerg Ground Armor Level 2  
  165  15:08  Hive  
  165  15:13  Roach  
  165  15:14  Roach x10  
  171  15:41  Roach  
  171  15:42  Roach x15  
  171  16:00  Roach x5  
  171  16:01  Roach x7  
  101  16:29  Roach  
  101  16:30  Roach x9  
  94  16:43  Roach x5  
  64  17:11  Roach  
  64  17:12  Roach x8  
Tags
 
Add a new tag
Caveats
  • Supply blocks, unpowered buildings, or Contaminate may cause inaccurate times.
  • Supply counts are checked every 10 seconds.